 Dungeon Crawl Stone Soup version 0.24.0-123-gd5b16e6ec5 (webtiles) character file.

Game seed: 1139123688294729456, levelgen mode: deterministic

471194 mortelune the Scorcher (level 24, -3/159 HPs)
             Began as a Gargoyle Fire Elementalist on Jan 11, 2020.
             Was the Champion of Vehumet.
             Blown up by Boris (72 damage)
             ... with an orb of destruction
             ... on level 3 of the Depths.
             The game lasted 04:13:01 (101428 turns).

mortelune the Scorcher (GrFE)                     Turns: 101428, Time: 04:13:02

Health: -3/159     AC: 49    Str: 23    XL:     24   Next: 67%
Magic:  6/51       EV: 14    Int: 27    God:    Vehumet [******]
Gold:   3267       SH:  7    Dex: 10    Spells: 9/53 levels left

rFire    + + +     SeeInvis +   S - staff of fire
rCold    . . .     Gourm    .   L - +0 buckler of Free Will {rPois rF+ MR+ Int-3}
rNeg     + . .     Faith    .   q - +4 fire dragon scales {Xtahua}
rPois    ∞         Spirit   .   O - +1 helmet {Int+3}
rElec    +         Reflect  +   C - +0 cloak "Laloasm" {rElec rF+ Str+5}
rCorr    .         Harm     .   y - +2 pair of gloves "Eweicano" {Str+5}
MR       ++...                  f - +2 pair of boots {run}
Stlth    ..........             u - +3 amulet of reflection
HPRegen  0.36/turn              s - ring of see invisible
MPRegen  0.32/turn              a - ring of Grace {rPois rF+ rC+ MP+9}

@: flying, very slightly contaminated, quick
A: big wings, slimy green scales 1, deterioration 1, negative energy resistance
1, screaming 1, electricity resistance, unbreathing, petrification resistance,
rot immunity, AC +18
}: 2/15 runes: serpentine, barnacled
a: Stop Flying, Renounce Religion


You were on level 3 of the Depths.
You worshipped Vehumet.
Vehumet was exalted by your worship.
You were very hungry.

You visited 9 branches of the dungeon, and saw 42 of its levels.
You visited 1 bazaar.
You also visited: Gauntlet, Volcano and Wizlab.

You collected 6220 gold pieces.
You spent 2953 gold pieces at shops.

Inventory:

Hand Weapons
 M - a +0 morningstar of holy wrath
Missiles
 E - 56 silver javelins (quivered)
Armour
 f - a +2 pair of boots of running (worn)
 q - +4 fire dragon scales (worn) {Xtahua}
 y - the +2 pair of gloves "Eweicano" (worn) {Str+5}
   (You bought it in a shop on level 2 of the Orcish Mines)

   It affects your strength (+5).
 C - the +0 cloak "Laloasm" (worn) {rElec rF+ Str+5}
   (You found it on level 3 of the Elven Halls)

   It affects your strength (+5).
   It protects you from fire.
   It insulates you from electricity.
 K - the +4 moon troll leather armour {Spirit, Regen++ MP+5}
   (You took it off a moon troll in a wizard's laboratory)

   It affects your magic capacity (+5).
   It increases your rate of regeneration.
 L - the +0 buckler of Free Will (worn) {rPois rF+ MR+ Int-3}
   (You bought it in a shop on level 2 of the Orcish Mines)

   It affects your intelligence (-3).
   It protects you from fire.
   It protects you from poison.
   It affects your resistance to hostile enchantments.
 O - a +1 helmet of intelligence (worn)
Magical Staves
 S - an uncursed staff of fire (weapon)
Jewellery
 a - the ring of Grace (right hand) {rPois rF+ rC+ MP+9}
   (You bought it in a shop on level 1 of the Snake Pit)

   [ring of magical power]

   It protects you from fire.
   It protects you from cold.
   It protects you from poison.
   It affects your magic capacity (+9).
 l - an uncursed ring of positive energy
 n - a +5 ring of intelligence
 s - a ring of see invisible (left hand)
 u - a +3 amulet of reflection (around neck)
 B - an uncursed ring of protection from magic
 H - an uncursed amulet of magic regeneration
Wands
 F - a wand of iceblast (40)
 Q - a wand of acid (8)
 W - a wand of digging (5)
Scrolls
 d - 6 scrolls of immolation
 g - 15 scrolls of remove curse
 j - 10 scrolls of fear
 m - a scroll of vulnerability
 r - 20 scrolls of amnesia
 t - 5 scrolls of blinking
 x - 5 scrolls of magic mapping
 z - 9 scrolls of teleportation
 A - 4 scrolls of fog
 G - 7 scrolls of enchant armour
 J - 5 scrolls of holy word
 R - 2 scrolls of summoning
 V - 5 scrolls of enchant weapon
Potions
 e - 10 potions of haste
 h - 5 potions of brilliance
 i - 22 potions of curing
 k - 8 potions of mutation
 o - 7 potions of agility
 p - 7 potions of lignification
 v - 3 potions of might
 w - 5 potions of magic
 D - 9 potions of berserk rage
 I - 6 potions of heal wounds
 N - 6 potions of resistance
 P - a potion of invisibility
 X - 3 potions of cancellation
Miscellaneous
 b - 4 phantom mirrors
 Y - a lamp of fire
 Z - 4 sacks of spiders
Comestibles
 c - 36 rations


   Skills:
 + Level 18.3 Fighting
 - Level 12.0 Maces & Flails
 + Level 14.8 Armour
 - Level 10.3 Dodging
 - Level 2.1 Stealth
 - Level 4.0 Shields
 + Level 15.4 Spellcasting
 - Level 10.5 Conjurations
 + Level 19.2 Fire Magic
 + Level 16.4 Air Magic


You had 9 spell levels left.
You knew the following spells:

 Your Spells              Type           Power        Failure   Level  Hunger
a - Flame Tongue          Conj/Fire      #####        0%          1    None
b - Throw Flame           Conj/Fire      ######       0%          2    None
c - Conjure Flame         Conj/Fire      ########     1%          3    None
d - Sticky Flame          Conj/Fire      ########     1%          4    None
e - Fireball              Conj/Fire      ########..   1%          5    None
f - Iskenderun's Mystic   Conj           ######..     1%          4    None
q - Blink                 Tloc           N/A          9%          2    None
s - Summon Lightning Spi  Summ/Air       ######..     1%          4    None
w - Conjure Ball Lightni  Conj/Air       #######...   1%          6    ####...
x - Ignition              Fire           ########..   3%          8    #######
z - Bolt of Magma         Conj/Fire/Erth #######...   1%          5    None

Your spell library contained the following spells:

 Spells                   Type           Power        Failure   Level  Hunger
 Tornado                  Air            #######...   82%         9    #######
 Shatter                  Erth           ###.......   100%        9    #######
 Magic Dart               Conj           ####         1%          1    None
 Sandblast                Erth           ###...       1%          1    None
 Poisonous Vapours        Pois/Air       ######       1%          2    None
 Swiftness                Chrm/Air       ######..     1%          2    None
 Dazzling Spray           Conj/Hex       #####.       1%          3    None
 Ignite Poison            Fire/Tmut/Pois ######..     1%          3    None
 Inner Flame              Hex/Fire       #######.     1%          3    None
 Mephitic Cloud           Conj/Pois/Air  ######..     1%          3    None
 Static Discharge         Conj/Air       #######.     1%          3    None
 Stone Arrow              Conj/Erth      #####.       1%          3    None
 Force Lance              Conj/Tloc      #####...     1%          4    None
 Lightning Bolt           Conj/Air       #######...   1%          5    None
 Bolt of Fire             Conj/Fire      ########..   1%          6    ####...
 Bolt of Draining         Conj/Necr      #####.....   4%          5    None
 Irradiate                Conj/Tmut      #####.....   4%          5    None
 Silence                  Hex/Air        ######....   4%          5    None
 Animate Skeleton         Necr           N/A          5%          1    None
 Apportation              Tloc           ###...       5%          1    None
 Confusing Touch          Hex            ###...       5%          1    None
 Corona                   Hex            ###....      5%          1    None
 Summon Butterflies       Summ           ###.....     5%          1    None
 Summon Small Mammal      Summ           ###.         5%          1    None
 Freezing Cloud           Conj/Ice/Air   ######....   5%          6    ####...
 Call Imp                 Summ           ###.....     9%          2    None
 Corpse Rot               Necr           N/A          9%          2    None
 Ensorcelled Hibernation  Hex/Ice        ###...       9%          2    None
 Passwall                 Tmut/Erth      ###.....     9%          2    None
 Slow                     Hex            ###.....     9%          2    None
 Call Canine Familiar     Summ           ###.....     16%         3    None
 Confuse                  Hex            ###.....     16%         3    None
 Gell's Gravitas          Tloc           ###.......   16%         3    None
 Lesser Beckoning         Tloc           ###.......   16%         3    None
 Portal Projectile        Hex/Tloc       ###...       16%         3    None
 Recall                   Summ/Tloc      N/A          16%         3    None
 Spectral Weapon          Hex/Chrm       ###.....     16%         3    None
 Spider Form              Tmut/Pois      ###.......   16%         3    None
 Summon Guardian Golem    Hex/Summ       ###.....     16%         3    None
 Tukima's Dance           Hex            ###.....     16%         3    None
 Deflect Missiles         Chrm/Air       ######....   28%         6    ####...
 Lee's Rapid Deconstruct  Erth           ###.......   36%         5    None
 Animate Dead             Necr           N/A          47%         4    None
 Cause Fear               Hex            ###.......   47%         4    None
 Leda's Liquefaction      Hex/Erth       ###.......   47%         4    None
 Passage of Golubria      Tloc           N/A          47%         4    None
 Petrify                  Tmut/Erth      ###.....     47%         4    None
 Summon Ice Beast         Ice/Summ       ###.....     47%         4    None
 Ring of Flames           Chrm/Fire      #######...   65%         7    #####..
 Agony                    Necr           ###.....     83%         5    None
 Alistair's Intoxication  Tmut/Pois      ###.....     83%         5    None
 Blade Hands              Tmut           ###.......   83%         5    None
 Borgnjor's Vile Clutch   Necr/Erth      ###.......   83%         5    None
 Dispel Undead            Necr           ###.....     83%         5    None
 Excruciating Wounds      Chrm/Necr      ###.......   83%         5    None
 Summon Forest            Summ/Tloc      ###.......   83%         5    None
 Darkness                 Hex            ###.......   100%        6    ####...
 Death Channel            Necr           ###.......   100%        6    ####...
 Dispersal                Tloc           ###.......   100%        6    ####...
 Hydra Form               Tmut           ###.......   100%        6    ####...
 Invisibility             Hex            ###.....     100%        6    ####...
 Simulacrum               Ice/Necr       ###.......   100%        6    ####...
 Dragon Form              Tmut           ###.......   100%        7    #####..
 Summon Hydra             Summ           ###.......   100%        7    #####..
 Controlled Blink         Tloc           N/A          100%        8    #######
 Disjunction              Tloc           ###.......   100%        8    #######
 Sublimation of Blood     Necr           Unusable     N/A         2    N/A
 Statue Form              Tmut/Erth      Unusable     N/A         6    N/A

Dungeon Overview and Level Annotations

Branches:
Dungeon (15/15)            Temple (1/1) D:7            Lair (6/6) D:11
 Shoals (4/4) Lair:2        Snake (4/4) Lair:4        Slime (0/5) Lair:6
    Orc (2/2) D:9             Elf (3/3) Orc:2        Vaults (4/5) D:14
  Crypt (0/3) Vaults:2     Depths (3/5) D:15        Volcano (visited)
 WizLab (visited)         Gauntlet (visited)

Altars:
Ashenzari
Cheibriados
Dithmenos
Elyvilon
Fedhas
Gozag
Kikubaaqudgha
Makhleb
Nemelex Xobeh
Okawaru
Qazlal
Ru
Trog
Vehumet
Wu Jian
Xom
Yredelemnul
Zin
The Shining One
Beogh
Jiyva

Shops:
D:12 =   D:13 ?   D:14 (   D:15 ?   Orc:2 ![[[   Elf:1 [   Snake:1 }=}
Snake:3 :   Vaults:2 ?   Vaults:3 [

Portals:
Hell: Depths:1 Depths:2
Abyss: Depths:1
Bazaar: Vaults:4

Annotations:
D:6 cyclo
Elf:1 Eshuuhum's ghost, adept MiFi
Elf:2 5 runed translucent doors
Depths:3 Boris


Innate Abilities, Weirdness & Mutations

You are resistant to torment.
Your stone body is resilient. (AC +18)
You are immune to poison.
Your large and strong wings let you fly indefinitely.
You resist negative energy. (rN+)
You are resistant to electric shocks. (rElec)
You can survive without breathing.
You are immune to petrification.
You are immune to rotting.
You are partially covered in slimy green scales. (AC +2)
Your body sometimes deteriorates upon taking damage.
You occasionally shout uncontrollably at your foes.


Message History

Your ball lightning completely resists.
The merfolk javelineer throws a silver javelin.
The silver javelin pierces through you! The silver sears you!
Boris launches a ball of destructive magic.
The frost giant completely misses your lightning spire.
You hear a deafening roar!
You hear a shout!
You hear two shouts!
You hear a shout! x2; You hear a deafening roar! x2; You hear a shout! x5
You hear a deafening roar!
You hear two shouts!
You hear a shout! x2
You hear a horrible gurgling sound!
You hear a shout! x4
An orb of destruction comes into view.
Your ball lightning explodes!
The blast of lightning engulfs the merfolk javelineer!!
The merfolk javelineer is heavily wounded.
The merfolk javelineer throws a silver javelin.
The silver javelin barely misses your ball lightning.
The silver javelin pierces through you but does no damage.
The silver sears you!
You hear a shout! x2
The orb of destruction hits you!!!!
You die...

≈≈≈......8C.......§
≈≈≈≈..^..[.........≈
.≈...........≈≈≈≈≈§§
...........*.....§§§
≈...................
≈......L○(..........
≈.......○...........
........○(≈≈........
.≈m≈*..@..≈≈.......
..................
.###+###.........
##........ ##.......
#....## ...## ..#


You could see Boris (invisible), a merfolk javelineer and 2 friendly ball
lightnings.

Vanquished Creatures
  Xtahua (Vaults:2)
  A lich (Vaults:2)
  Jorgrun (Orc:2)
  A moon troll (WizLab)
  3 quicksilver dragons (WizLab)
  3 deep elf blademasters (Elf:1)
  5 deep elf master archers
  4 sphinxes
  8 tentacled starspawn (WizLab)
  Kirke (Shoals:4)
  Frances (Lair:2)
  Agnes (Snake:2)
  Donald (Snake:2)
  A tengu reaver (Vaults:2)
  Roxanne (D:15)
  13 nagarajas
  2 fire giants
  Aizul (Snake:3)
  2 orc warlords
  6 frost giants
  A cacodemon (WizLab)
  6 deep elf sorcerers
  14 vault wardens
  2 deep elf elementalists (Elf:3)
  9 very ugly things
  A ghoul (Vaults:2)
  10 ironheart preservers
  6 stone giants
  An entropy weaver (Vaults:3)
  A vampire knight (Depths:2)
  Nessos (D:12)
  12 deep elf annihilators
  9 deep elf demonologists
  A minotaur (Gauntlet)
  2 ettins
  A blizzard demon (Depths:1)
  4 deep elf death magi
  7 merfolk javelineers (Shoals:4)
  Erolcha (D:13)
  12 merfolk impalers
  6 fire dragons
  9 deep elf high priests
  8 yaktaur captains
  4 rakshasas
  9 hydras
  5 ice dragons
  16 vault guards
  12 great orbs of eyes
  15 anacondas
  A spriggan air mage (Depths:2)
  9 naga warriors
  3 merfolk aquamancers (Shoals:4)
  4 catoblepae
  2 death knights
  6 merfolk avatars
  3 centaur warriors
  19 dancing weapons
  3 deep troll shamans
  3 tengu warriors
  5 orc high priests
  10 ogre magi
  3 deep troll earth magi (Depths:2)
  10 death yaks
  35 two-headed ogres
  12 naga sharpshooters
  22 deep elf knights
  A shock serpent (Snake:2)
  A shadow wraith (Vaults:1)
  An iron troll (Depths:2)
  2 salamander mystics
  A fire crab (shapeshifter) (Elf:3)
  An unseen horror (Depths:1)
  13 skeletal warriors
  10 sea snakes
  4 flayed ghosts
  A golden dragon zombie (Depths:2)
  15 deep trolls
  An orange crystal statue (WizLab)
  3 wizards
  10 glowing orange brains
  13 deep elf archers
  12 naga ritualists
  16 ironbrand convokers
  A wolf spider zombie (D:13)
  The ghost of EtherCrawl the Ruffian, a novice DrTm (D:6)
  62 deep elf magi
  17 orc knights
  7 phantasmal warriors
  21 harpies
  8 orc sorcerers
  19 mana vipers
  A necromancer (Depths:2)
  A stone giant zombie (Depths:2)
  8 salamanders
  6 fauns
  An oklob plant (Snake:4)
  4 wolf spiders
  A fire giant zombie (Depths:2)
  A sphinx skeleton (Depths:2)
  A cyclops (shapeshifter) (Vaults:3)
  19 manticores
  11 cyclopes
  47 ugly things
  2 moths of wrath (Elf:1)
  2 centaur zombies
  32 black mambas
  8 merfolk sirens
  A rust devil (Depths:2)
  2 guardian serpents (shapeshifter)
  2 gargoyles
  3 guardian serpents
  2 smoke demons (Depths:1)
  10 water nymphs
  22 eyes of devastation
  23 naga magi
  A torpor snail (Lair:6)
  15 vault sentinels
  A hellion (Depths:1)
  2 spiny frogs
  4 rime drakes
  9 freezing wraiths
  A kobold demonologist (D:11)
  7 komodo dragons
  24 yaktaurs
  A komodo dragon (shapeshifter) (Vaults:2)
  4 ice devils (Depths:1)
  A tengu conjurer (Depths:1)
  2 queen bees
  39 merfolk
  2 jumping spiders (shapeshifter)
  9 trolls
  11 hippogriffs
  4 wind drakes
  A meliai (D:14)
  3 hornets
  A hornet (shapeshifter) (Vaults:1)
  Prince Ribbit (D:6)
  A hippogriff (shapeshifter) (Vaults:1)
  27 slime creatures
  2 raiju (Gauntlet)
  7 blink frogs
  10 snapping turtles
  5 dream sheep
  A spriggan skeleton (Depths:2)
  A redback (Vaults:3)
  3 air elementals
  10 starcursed masses (WizLab)
  22 water elementals
  61 yaks
  A fire elemental (Elf:1)
  3 hogs (D:8)
  2 wraiths
  2 wyverns (shapeshifter)
  A hog (shapeshifter) (Vaults:3)
  2 humans
  A human (shapeshifter) (Vaults:3)
  2 wyverns
  3 chaos spawn (Depths:1)
  2 hungry ghosts (D:15)
  5 basilisks
  4 golden eyes
  A steam dragon (Gauntlet)
  7 vampire mosquitoes (D:15)
  Grum (D:9)
  3 neqoxecs (WizLab)
  9 wargs
  A swamp worm (shapeshifter) (Vaults:2)
  7 acid dragons
  7 large abominations
  33 nagas
  12 water moccasins
  A soldier ant (shapeshifter) (Depths:2)
  4 hell hounds (Elf:1)
  62 orc warriors
  11 porcupines
  6 sky beasts
  4 ice beasts
  An eye of draining (Depths:2)
  2 necrophages
  7 boggarts
  3 wolves (D:9)
  20 centaurs
  24 ogres
  14 crocodiles
  A big kobold (D:12)
  14 bullfrogs
  A gnoll sergeant (D:11)
  3 earth elementals (Elf:1)
  2 small abominations (Depths:1)
  41 killer bees
  10 wights
  2 vampire bats (Lair:1)
  3 howler monkeys
  7 crimson imps
  A human simulacrum (Vaults:3)
  2 bullfrog zombies
  3 jellies
  41 orc wizards
  46 orc priests
  3 bullfrog skeletons
  6 centaur skeletons
  9 hounds
  9 human skeletons (Vaults:3)
  8 iguanas
  11 hell rats
  8 worker ants
  A lightning spire (Gauntlet)
  A worker ant zombie (D:10)
  Robin (D:4)
  16 gnolls
  9 adders
  14 river rats (Lair:1)
  A shadow imp (D:8)
  10 white imps
  2 oozes (D:3)
  2 adder skeletons
  3 adder zombies
  3 worms
  A dart slug (D:1)
  An adder simulacrum (D:6)
  6 leopard geckos
  134 orcs
  14 bats
  8 giant cockroaches
  10 hobgoblins
  13 jackals
  8 quokkas
  3 ball pythons
  8 frilled lizards
  22 goblins
  A jackal skeleton (D:7)
  14 kobolds
  A leopard gecko skeleton (D:8)
  A leopard gecko zombie (D:6)
  A quokka skeleton (D:5)
  22 rats
  7 crawling corpses
  A fungus (Lair:6)
  5 plants
  10 starspawn tentacles (WizLab)
1989 creatures vanquished.

Vanquished Creatures (collateral kills)
  A lich (Vaults:3)
  A quicksilver dragon (WizLab)
  A tentacled starspawn (WizLab)
  A fire giant (Depths:2)
  Ilsuiw (Shoals:2)
  4 nagarajas
  Louise (Shoals:2)
  An orc warlord (Vaults:2)
  An ironheart preserver (Vaults:1)
  A very ugly thing (WizLab)
  A fire dragon (D:15)
  A merfolk impaler (Shoals:4)
  A vault guard (Vaults:1)
  3 naga warriors
  An ice dragon (D:15)
  An anaconda (Snake:3)
  An alligator snapping turtle (Shoals:3)
  A centaur warrior (Vaults:1)
  2 two-headed ogres (Vaults:1)
  3 death yaks
  A tengu warrior (D:15)
  2 deep trolls (Vaults:2)
  A salamander mystic (Snake:2)
  A skeletal warrior (D:13)
  A harpy (Shoals:1)
  A naga ritualist (Snake:1)
  A deep elf archer (Vaults:1)
  A mana viper (Snake:1)
  2 deep elf magi (Vaults:1)
  7 ugly things
  A faun (Shoals:4)
  3 salamanders
  3 manticores
  2 naga magi (Snake:4)
  An eye of devastation (Depths:2)
  2 black mambas (Snake:1)
  A merfolk siren (Shoals:4)
  3 spiny frogs
  2 smoke demons (Depths:1)
  2 vault sentinels (Vaults:3)
  3 yaktaurs
  An efreet (D:15)
  3 merfolk
  5 blink frogs
  A centaur simulacrum (D:15)
  A water elemental (Shoals:4)
  11 yaks
  A vampire mosquito (D:15)
  2 nagas
  A small abomination (Depths:1)
  An orc warrior (Orc:2)
  A boggart (Vaults:1)
  2 ogres
  A centaur (Vaults:1)
  4 killer bees (Orc:1)
  A spectral bullfrog (D:6)
  5 crimson imps
  3 human skeletons (Vaults:3)
  5 orcs
  3 starspawn tentacles (WizLab)
121 creatures vanquished.

Vanquished Creatures (others)
  2 stone giants
  A yaktaur captain (Vaults:3)
  A satyr (Shoals:4)
  3 deep elf archers
  A faun (Shoals:3)
  186 ball lightnings
  3 yaktaurs
  2 merfolk (Shoals:4)
  4 humans (Shoals:4)
  5 demonic plants (WizLab)
  4 fungi
  9 plants
  15 starspawn tentacles (WizLab)
  21 withered plants (Gauntlet)
257 creatures vanquished.

Grand Total: 2367 creatures vanquished

Notes
Turn   | Place    | Note
-------+----------+-------------------------------------------
     0 | D:1      | mortelune the Gargoyle Fire Elementalist began the quest
                  | for the Orb.
     0 | D:1      | Reached XP level 1. HP: 10/10 MP: 3/3
   547 | D:1      | Reached XP level 2. HP: 15/15 MP: 0/5
   617 | D:1      | Learned a level 2 spell: Throw Flame
  1337 | D:1      | Reached XP level 3. HP: 19/19 MP: 3/6
  1869 | D:2      | Learned a level 3 spell: Conjure Flame
  2291 | D:2      | Reached XP level 4. HP: 24/24 MP: 0/7
  2719 | D:2      | Reached skill level 4 in Fire Magic
  3230 | D:2      | Found a bloodstained altar of Trog.
  3722 | D:3      | Reached XP level 5. HP: 28/28 MP: 3/8
  4374 | D:3      | Found a white marble altar of Elyvilon.
  4527 | D:3      | Found an ornate altar of the Wu Jian Council.
  4835 | D:3      | Noticed an ogre
  5142 | D:4      | Reached XP level 6. HP: 32/32 MP: 7/10
  5174 | D:4      | Found a snail-covered altar of Cheibriados.
  5779 | D:4      | Reached skill level 5 in Fire Magic
  6160 | D:4      | Noticed Robin
  6173 | D:4      | Killed Robin
  6402 | D:4      | Reached XP level 7. HP: 36/36 MP: 1/12
  6673 | D:4      | Found a shattered altar of Ashenzari.
  6840 | D:4      | Learned a level 4 spell: Sticky Flame
  6843 | D:5      | Entered Level 5 of the Dungeon
  6854 | D:5      | Reached skill level 5 in Conjurations
  7034 | D:5      | You fall into a shaft and drop 1 floor!
  7326 | D:6      | Reached skill level 6 in Fire Magic
  7362 | D:6      | Reached XP level 8. HP: 41/41 MP: 2/14
  7455 | D:6      | Noticed a cyclops
  7895 | D:6      | Found a runed translucent gate.
  7895 | D:6      | Found a runed translucent gate.
  8178 | D:6      | Found a runed translucent gate.
  8183 | D:6      | Noticed EtherCrawl's ghost (novice DrTm)
  8217 | D:6      | Noticed Prince Ribbit
  8236 | D:6      | Killed Prince Ribbit
  8236 | D:6      | Reached skill level 7 in Fire Magic
  8499 | D:6      | Found a burning altar of Makhleb.
  9679 | D:5      | Found a blossoming altar of Fedhas.
  9686 | D:5      | Reached XP level 9. HP: 43/45 MP: 9/16
 10267 | D:7      | Reached skill level 5 in Spellcasting
 10282 | D:7      | Reached skill level 1 in Fighting
 10340 | D:7      | Learned a level 5 spell: Fireball
 10793 | D:7      | Reached skill level 8 in Fire Magic
 11303 | D:7      | Found a staircase to the Ecumenical Temple.
 11321 | Temple   | Entered the Ecumenical Temple
 11371 | Temple   | Became a worshipper of Vehumet
 11565 | D:7      | Found a glowing silver altar of Zin.
 12351 | D:8      | Reached * piety under Vehumet
 12351 | D:8      | Offered knowledge of Sandblast by Vehumet.
 12704 | D:8      | Reached XP level 10. HP: 56/56 MP: 0/19
 13237 | D:8      | Reached skill level 9 in Fire Magic
 13274 | D:8      | Reached skill level 5 in Fighting
 14089 | D:9      | Noticed a deep elf mage
 14108 | D:9      | Killed a deep elf mage
 14365 | D:9      | Found a staircase to the Orcish Mines.
 14666 | D:9      | Found a roughly hewn altar of Beogh.
 14740 | D:9      | Noticed Grum
 14750 | D:9      | Reached ** piety under Vehumet
 14787 | D:9      | Offered knowledge of Throw Frost by Vehumet.
 14814 | D:9      | Killed Grum
 15096 | D:9      | Reached skill level 10 in Conjurations
 15161 | D:9      | Reached XP level 11. HP: 52/66 MP: 2/22
 15670 | D:9      | Noticed a two-headed ogre
 15674 | D:9      | Killed a two-headed ogre
 15674 | D:9      | Reached skill level 10 in Fire Magic
 15794 | D:10     | Entered Level 10 of the Dungeon
 16244 | D:10     | Found a white marble altar of Elyvilon.
 16746 | D:10     | Offered knowledge of Ignite Poison by Vehumet.
 17092 | D:10     | Learned a level 2 spell: Blink
 17097 | D:10     | Learned a level 4 spell: Summon Lightning Spire
 17445 | D:11     | Reached skill level 1 in Air Magic
 17557 | D:11     | Reached *** piety under Vehumet
 17557 | D:11     | Reached skill level 1 in Armour
 18047 | D:11     | Found a staircase to the Lair.
 18130 | D:11     | Offered knowledge of Iskenderun's Mystic Blast by Vehumet.
 18861 | D:11     | Noticed a purple ugly thing
 18873 | D:11     | Killed a purple ugly thing
 19245 | D:11     | Reached **** piety under Vehumet
 19546 | D:11     | Learned a level 4 spell: Iskenderun's Mystic Blast
 19639 | D:12     | Noticed a two-headed ogre
 19641 | D:12     | Killed a two-headed ogre
 19641 | D:12     | Noticed a manticore
 19724 | D:12     | Offered knowledge of Stone Arrow by Vehumet.
 19726 | D:12     | Reached XP level 12. HP: 41/73 MP: 3/23
 19727 | D:12     | Noticed Nessos
 19903 | D:12     | Noticed a centaur warrior
 20187 | Lair:1   | Entered Level 1 of the Lair of Beasts
 20232 | Lair:1   | Found a gate leading to a gauntlet.
 20241 | Gauntlet | Entered a Gauntlet
 20241 | Gauntlet | Found a transporter.
 20241 | Gauntlet | Found a transporter.
 20256 | Gauntlet | Found a transporter.
 20259 | Gauntlet | Found a transporter.
 20270 | Gauntlet | Found a transporter.
 20274 | Gauntlet | Found a runed translucent door.
 20274 | Gauntlet | Found a runed translucent door.
 20275 | Gauntlet | Found a transporter.
 20278 | Gauntlet | Found a transporter.
 20395 | Gauntlet | Noticed a great orb of eyes
 20396 | Gauntlet | Found a transporter.
 20404 | Gauntlet | Found a transporter.
 20406 | Gauntlet | Found a transporter.
 20414 | Gauntlet | Found a transporter.
 20463 | Gauntlet | Found a transporter.
 21497 | Gauntlet | Noticed a minotaur
 21503 | Gauntlet | Killed a minotaur
 21709 | Gauntlet | Got a shimmering leather armour
 21720 | Gauntlet | Identified the cursed +1 leather armour of Mirth {rPois rC+
                  | rCorr} (You found it in a Gauntlet)
 21743 | Gauntlet | Got a shimmering helmet
 21754 | Gauntlet | Identified the cursed +0 helmet of Ennex {rElec rF+ rC-}
                  | (You found it in a Gauntlet)
 22266 | D:11     | Reached skill level 1 in Maces & Flails
 22266 | D:11     | Reached skill level 5 in Air Magic
 22907 | Lair:1   | Noticed a four-headed hydra
 22918 | Lair:1   | Killed a four-headed hydra
 23121 | Lair:1   | Reached skill level 5 in Armour
 24077 | Lair:1   | Reached ***** piety under Vehumet
 24344 | Lair:2   | Noticed a catoblepas
 24741 | Lair:2   | Offered knowledge of Bolt of Magma by Vehumet.
 25951 | Lair:2   | Found a staircase to the Shoals.
 25961 | Lair:2   | Killed a catoblepas
 26390 | Lair:3   | Reached XP level 13. HP: 79/80 MP: 17/25
 27180 | Lair:3   | Reached skill level 10 in Fighting
 28299 | Lair:4   | Noticed an ice dragon
 28303 | Lair:4   | Killed an ice dragon
 28452 | Lair:4   | Learned a level 5 spell: Bolt of Magma
 28651 | Lair:4   | Found a staircase to the Snake Pit.
 29523 | Lair:5   | Reached skill level 10 in Spellcasting
 30979 | Lair:6   | Entered Level 6 of the Lair of Beasts
 31161 | Lair:6   | Found a viscous altar of Jiyva.
 31162 | Lair:6   | Found a staircase to the Slime Pits.
 31637 | Lair:6   | Found a dark tunnel.
 31646 | Volcano  | Entered a volcano
 32614 | Lair:6   | Gained mutation: Your large and strong wings let you fly
                  | indefinitely. [Gargoyle growth]
 32614 | Lair:6   | Reached XP level 14. HP: 49/88 MP: 15/28
 33015 | Lair:6   | Offered knowledge of Bolt of Draining by Vehumet.
 34196 | Lair:6   | Reached skill level 5 in Maces & Flails
 35195 | D:6      | Killed EtherCrawl's ghost
 35911 | D:12     | Killed Nessos
 36186 | D:12     | Found Fuona's Jewellery Shoppe.
 36321 | D:12     | Bought a +3 amulet of reflection for 266 gold pieces
 37181 | D:13     | Noticed Erolcha
 37196 | D:13     | Killed Erolcha
 37581 | D:13     | Offered knowledge of Bolt of Cold by Vehumet.
 38871 | D:13     | Found Naza's Magic Scroll Emporium.
 38876 | D:13     | Bought a scroll of fog for 34 gold pieces
 38876 | D:13     | Bought a scroll of identify for 34 gold pieces
 38876 | D:13     | Bought a scroll of identify for 34 gold pieces
 38876 | D:13     | Bought a scroll of identify for 34 gold pieces
 39240 | D:14     | Reached skill level 10 in Armour
 39704 | D:14     | Found Igian's Antique Weapon Boutique.
 39782 | D:14     | Reached XP level 15. HP: 81/96 MP: 11/30
 40004 | D:14     | Bought a glowing morningstar for 189 gold pieces
 40013 | D:14     | Found a gate to the Vaults.
 41031 | Orc:1    | Entered Level 1 of the Orcish Mines
 41072 | Orc:1    | Paralysed by an orc sorcerer for 3 turns
 41482 | Orc:1    | Paralysed by an orc sorcerer for 5 turns
 42486 | Orc:2    | Entered Level 2 of the Orcish Mines
 43082 | Orc:1    | Offered knowledge of Iskenderun's Battlesphere by Vehumet.
 43810 | Orc:2    | Found a roughly hewn altar of Beogh.
 43810 | Orc:2    | Noticed Jorgrun
 43817 | Orc:2    | Killed Jorgrun
 44086 | Orc:2    | Found Aseb Eghez's Antique Armour Shop.
 44091 | Orc:2    | Bought a bloodstained buckler for 237 gold pieces
 44100 | Orc:2    | Identified the cursed +0 buckler of Free Will {rPois rF+
                  | MR+ Int-3} (You bought it in a shop on level 2 of the
                  | Orcish Mines)
 44111 | Orc:2    | Found Jiowkon's Antique Armour Boutique.
 44201 | Orc:2    | Bought a crude robe for 114 gold pieces
 44214 | Orc:2    | Identified the +1 robe of Ywapnoly {Dex+2} (You bought it
                  | in a shop on level 2 of the Orcish Mines)
 44598 | Orc:2    | Reached skill level 1 in Shields
 44760 | Orc:2    | Reached skill level 11 in Fire Magic
 45246 | Orc:2    | Found a staircase to the Elven Halls.
 45335 | Orc:2    | Noticed an orc warlord
 45628 | Orc:2    | Reached ****** piety under Vehumet
 45745 | Orc:2    | Killed an orc warlord
 46381 | Orc:2    | Offered knowledge of Freezing Cloud by Vehumet.
 46575 | Orc:2    | Found Qatumuisai's Antique Armour Emporium.
 46587 | Orc:2    | Bought a pair of runed boots for 217 gold pieces
 46587 | Orc:2    | Bought a glowing cloak for 217 gold pieces
 46587 | Orc:2    | Bought a pair of ichor-stained gloves for 275 gold pieces
 46606 | Orc:2    | Identified the +2 pair of gloves "Eweicano" {Str+5} (You
                  | bought it in a shop on level 2 of the Orcish Mines)
 46643 | Orc:2    | Identified a +2 pair of boots of running (You bought it in
                  | a shop on level 2 of the Orcish Mines)
 46661 | Orc:2    | Found a roughly hewn altar of Beogh.
 47030 | Orc:2    | Found Poegojaogg's Distillery.
 47042 | Orc:2    | Bought a potion of resistance for 150 gold pieces
 47691 | D:15     | Entered Level 15 of the Dungeon
 47996 | D:15     | Reached XP level 16. HP: 104/104 MP: 11/31
 48346 | D:15     | Found Gyst's Magic Scroll Boutique.
 49184 | D:15     | Found a staircase to the Depths.
 49270 | D:15     | Identified Roxanne's Compendium of Transformation
 49270 | D:15     | Noticed Roxanne
 50105 | D:15     | Killed Roxanne
 50352 | Shoals:1 | Entered Level 1 of the Shoals
 50352 | Shoals:1 | Noticed Frances
 50363 | Lair:2   | Killed Frances
 51262 | Shoals:1 | Offered knowledge of Bolt of Fire by Vehumet.
 51538 | Shoals:1 | Reached skill level 12 in Fire Magic
 52337 | Shoals:2 | Noticed Ilsuiw
 52495 | Shoals:2 | Reached skill level 10 in Air Magic
 52503 | Shoals:2 | Killed Ilsuiw
 53119 | Shoals:2 | Noticed Louise
 53297 | Shoals:2 | Killed Louise
 55250 | Shoals:3 | Reached XP level 17. HP: 109/111 MP: 28/32
 56062 | Shoals:4 | Entered Level 4 of the Shoals
 56537 | Shoals:4 | Offered knowledge of Conjure Ball Lightning by Vehumet.
 56537 | Shoals:4 | Reached skill level 13 in Fire Magic
 56564 | Shoals:4 | Learned a level 6 spell: Conjure Ball Lightning
 57566 | Shoals:4 | Noticed Kirke
 57572 | Shoals:4 | Killed Kirke
 58075 | Shoals:4 | Identified the Grimoire of Execration
 58606 | Shoals:4 | Offered knowledge of Shatter by Vehumet.
 58606 | Shoals:4 | Offered knowledge of Tornado by Vehumet.
 58606 | Shoals:4 | Offered knowledge of Ignition by Vehumet.
 59980 | Shoals:4 | Got a barnacled rune of Zot
 60221 | Snake:1  | Entered Level 1 of the Snake Pit
 60783 | Snake:1  | Gained mutation: Your skin changes colour to match your
                  | surroundings (Stealth+). [potion of mutation]
 60783 | Snake:1  | Gained mutation: Scrolls take you a little longer to read.
                  | [potion of mutation]
 60783 | Snake:1  | Gained mutation: Your spells are a little harder to cast,
                  | but a little more powerful. [potion of mutation]
 60784 | Snake:1  | Lost mutation: Your spells are a little harder to cast, but
                  | a little more powerful. [potion of mutation]
 60784 | Snake:1  | Lost mutation: Your skin changes colour to match your
                  | surroundings (Stealth+). [potion of mutation]
 60784 | Snake:1  | Lost mutation: Scrolls take you a little longer to read.
                  | [potion of mutation]
 60784 | Snake:1  | Gained mutation: Your body sometimes deteriorates upon
                  | taking damage. [potion of mutation]
 60784 | Snake:1  | Gained mutation: You are partially covered in slimy green
                  | scales. (AC +2) [potion of mutation]
 60912 | Snake:1  | Reached XP level 18. HP: 114/117 MP: 12/34
 61327 | Snake:1  | Reached skill level 14 in Fire Magic
 61711 | Snake:1  | Found Wonku's Gadget Emporium.
 61711 | Snake:1  | Found Botaomei's Jewellery Boutique.
 61713 | Snake:1  | Found Bot Yson's Gadget Emporium.
 61721 | Snake:1  | Bought the ring of Grace {rPois rF+ rC+ MP+9} for 632 gold
                  | pieces
 62458 | Snake:2  | Noticed Donald
 62463 | Snake:2  | Killed Donald
 62824 | Snake:2  | Noticed Agnes
 62829 | Snake:2  | Killed Agnes
 63079 | Snake:2  | Reached skill level 15 in Fighting
 63461 | Snake:3  | Found a flickering gateway to a bazaar.
 63472 | Bazaar   | Entered a bazaar
 63476 | Bazaar   | Found Viptits's Armour Boutique.
 63541 | Bazaar   | Found Putrog's Antique Weapon Shoppe.
 63558 | Bazaar   | Found Enupogg's Book Boutique.
 63575 | Bazaar   | Found Ifeukes's Antique Weapon Emporium.
 63650 | Bazaar   | Bought a book of the Sky for 520 gold pieces
 63960 | Snake:3  | Noticed Aizul
 64306 | Snake:3  | Killed Aizul
 64560 | Snake:3  | Found Vonaok's Book Emporium.
 65111 | Snake:3  | Reached XP level 19. HP: 124/124 MP: 28/35
 65592 | Snake:4  | Entered Level 4 of the Snake Pit
 65609 | Snake:4  | Reached skill level 15 in Fire Magic
 66898 | Snake:4  | Found a stormy altar of Qazlal.
 67055 | Snake:4  | Got a pair of spiked gloves
 67061 | Snake:4  | Identified the cursed +0 pair of gloves of Wonder {Int+3
                  | Dex+3 Stlth+} (You found it on level 4 of the Snake Pit)
 67630 | Snake:4  | Got a serpentine rune of Zot
 68279 | Vaults:1 | Entered Level 1 of the Vaults
 70445 | Vaults:1 | Reached XP level 20. HP: 131/131 MP: 13/37
 71478 | Vaults:2 | Reached skill level 16 in Fire Magic
 72030 | Vaults:2 | Identified the +7 long sword of the Final Decision {drain,
                  | rPois}
 73029 | Vaults:2 | Reached skill level 5 in Dodging
 73743 | Vaults:2 | Found a staircase to the Crypt.
 73743 | Vaults:2 | Found an ancient bone altar of Kikubaaqudgha.
 73744 | Vaults:2 | Found a basalt altar of Yredelemnul.
 74052 | Vaults:2 | Found Kotulloun's Magic Scroll Boutique.
 75139 | Vaults:2 | Noticed Xtahua
 75254 | Vaults:2 | Noticed a lich
 75256 | Vaults:2 | Killed a lich
 76324 | Vaults:2 | Killed Xtahua
 77648 | Vaults:3 | Reached XP level 21. HP: 120/137 MP: 16/38
 78472 | Vaults:3 | Found Onefept's Armour Boutique.
 79424 | Vaults:3 | Reached skill level 17 in Fire Magic
 81855 | Vaults:4 | Found a gateway to a bazaar.
 83208 | Vaults:4 | Reached XP level 22. HP: 88/144 MP: 12/40
 83391 | Vaults:4 | Reached skill level 15 in Air Magic
 84478 | Vaults:4 | Learned a level 8 spell: Ignition
 84828 | Elf:1    | Entered Level 1 of the Elven Halls
 86009 | Elf:1    | Found Cooher's Armour Shoppe.
 86788 | Elf:1    | Reached skill level 18 in Fire Magic
 87109 | Elf:1    | Noticed Eshuuhum's ghost (adept MiFi)
 87110 | Elf:1    | Found a bloodstained altar of Trog.
 87111 | Elf:1    | Identified the +9 rapier of Recklessness {chaos, Str+8
                  | Int-5 Dex-4 Stlth+}
 87111 | Elf:1    | Identified the +4 rapier "Dragonbane" {speed, *Contam rF+
                  | Str+3}
 87111 | Elf:1    | Identified the ring of Wishful Thinking {+Fly rC- rN+
                  | Int+6}
 87117 | Elf:1    | Found a transporter.
 87125 | Elf:1    | Found a transporter.
 87128 | Elf:1    | Identified the +4 rapier of Puonk {holy, Dex+4}
 87128 | Elf:1    | Identified the +3 rapier "Hih Wode" {drain, +Blink Str-3
                  | Int+3}
 87138 | Elf:1    | Identified the +6 longbow "Woucavof" {venom, +Inv MR+}
 88553 | Elf:2    | Found a roughly hewn altar of Beogh.
 89074 | Elf:2    | Reached skill level 10 in Dodging
 89286 | Elf:2    | Found a huge runed translucent gate.
 89286 | Elf:2    | Found a huge runed translucent gate.
 89286 | Elf:2    | Found a huge runed translucent gate.
 89286 | Elf:2    | Found a huge runed translucent gate.
 89286 | Elf:2    | Found a huge runed translucent gate.
 89378 | Elf:2    | Reached XP level 23. HP: 150/150 MP: 24/41
 89530 | Elf:3    | Entered Level 3 of the Elven Halls
 89595 | Elf:3    | Found a magical portal.
 89946 | WizLab   | Found a transporter.
 90052 | WizLab   | Gained mutation: You occasionally shout uncontrollably at
                  | your foes. [a neqoxec]
 90648 | WizLab   | Paralysed by accursed screaming for 1 turns
 92350 | WizLab   | Found a transporter.
 93125 | WizLab   | Identified the ring of Ozufipnu {AC+1 Dex+7} (You found it
                  | in a wizard's laboratory)
 93695 | Elf:3    | Reached skill level 10 in Maces & Flails
 94683 | Elf:3    | Reached skill level 15 in Spellcasting
 94999 | Elf:3    | Identified the +8 flail "Qacer" {flame, rElec Dex+4}
 95004 | Elf:3    | Identified the +11 chain mail "Gotipoj" {Int+3}
 95004 | Elf:3    | Identified the amulet of the Nine Wishes {+Rage rN++ Str-4}
 95138 | Elf:3    | Identified the +3 scale mail of Objectivity {-Cast -Tele
                  | rPois rN+++}
 95331 | Elf:3    | Identified the ring "Fyirofell" {Ice rPois Str-5 Dex+8}
                  | (You took it off a deep elf sorcerer on level 3 of the
                  | Elven Halls)
 95333 | Elf:3    | Reached XP level 24. HP: 157/157 MP: 39/42
 95597 | Elf:3    | Identified the Handbook of Flames and Stones
 95756 | Elf:3    | Found the +2 ratskin cloak {+Rats rPois rN+ Str-1 Int-1
                  | Dex+1}
 95826 | Elf:3    | Identified the +0 cloak "Laloasm" {rElec rF+ Str+5} (You
                  | found it on level 3 of the Elven Halls)
 96235 | Depths:1 | Entered Level 1 of the Depths
 96573 | Depths:1 | Found a gateway to Hell.
 97728 | Depths:1 | Reached skill level 19 in Fire Magic
 98004 | Depths:1 | Found a one-way gate to the infinite horrors of the Abyss.
101409 | Depths:3 | Noticed Boris
101428 | Depths:3 | Blown up by Boris

Levels and vault maps discovered:
D:1:      saegor_arrival_simple_d, layout_basic
D:2:      layout_basic, lightli_temple_of_fire, minmay_lizard_pond
D:3:      layout_rooms, lemuel_doored_altar, lemuel_coloured_pillars_altar,
          kennysheep_doodads, minmay_ogre_servants
D:4:      layout_basic, nicolae_overflow_crystal_walls,
          nicolae_ashenzari_panopticon, first_ration, uniq_robin
D:5:      layout_loops_ring, fedhas_altar_fruit_tree
D:6:      minmay_chambers_of_sixes, layout_basic, kennysheep_mini,
          gammafunk_ghost_necromancy, minmay_holes, hangedman_decor_growths,
          chequers_serial_rivers_marsh, uniq_prince_ribbit1
D:7:      layout_loops_cross, kennysheep_mini_moat,
          minmay_temple_entry_statues_fountains
D:8:      layout_rooms, grunt_livestock
D:9:      layout_gridville, minmay_orc_entry_temple_small, uniq_grum
D:10:     layout_irregular_city, elyvilon_altar_4
D:11:     layout_loops_cross, erik_lair_orcish_takeover, corexii_corridor_pit
D:12:     layout_rooms, serial_shops, shop, uniq_nessos
D:13:     layout_layer_cave, serial_shops, kennysheep_little_box, uniq_erolcha
D:14:     layout_irregular_city, lightli_vaults_fourway_checkpoint,
          serial_shops, shop, kennysheep_decorative_pillar
D:15:     grunt_enter_depths_hoard, layout_long_grid, serial_shops, shop,
          uniq_roxanne
Temple:   eino_narrow_crystal_temple
Lair:1:   lemuel_ratsnest, layout_cave_pods, gauntlet_entry_generic,
          roderic_batcave
Lair:2:   layout_regular_city, minmay_shoals_entry_beasts
Lair:3:   layout_misc_corridors
Lair:4:   layout_regular_city, minmay_snake_entry_guardpost_small,
          bobbens_ice_dragon_lair, infiniplex_staircase_pool
Lair:5:   layout_gridlike
Lair:6:   evilmike_catoblepas_cave, layout_long_grid, slime_altar_1,
          nicolae_volcano_entry_lava_flow
Shoals:1: layout_shoals, uniq_frances
Shoals:2: layout_shoals, uniq_aizul, uniq_ilsuiw, uniq_louise
Shoals:3: layout_shoals
Shoals:4: shoals_end_simple, layout_shoals, nicolae_shoals_square_sea_wall,
          uniq_kirke
Snake:1:  layout_chambers, st_stairs_12, minmay_shop_grove
Snake:2:  layout_misc_corridors, uniq_donald, uniq_agnes
Snake:3:  nicolae_aizul_guard, layout_grid_maze, serial_shops, bzr_entry_water,
          shop_fountains
Snake:4:  snake_pit, layout_cave_town, lemuel_oklob_altar
Orc:1:    layout_diamond_mine, special_room [special_room_bee],
          nicolae_orc_crystal_geode
Orc:2:    pubby_orc_utopia, uniq_jorgrun
Elf:1:    eino_elf_arrival_the_gate, layout_loops_cross, special_room
          [special_room_mythical_zoo], serial_shops, shop,
          gammafunk_ghost_wrathful_warriors,
          hangedman_elven_crosses_minicolossus
Elf:2:    layout_geoelf_grid, special_room [special_room_orc],
          serial_sigils_hangedman_gut
Elf:3:    minmay_elf_hall_not_hex, layout_geoelf_diagonals, mu_enter_wizlab_2,
          st_stairs_4
Vaults:1: nicolae_vaults_rhombus_7, hangedman_vaults_nails, v_rooms_3,
          vaults_room_grunt_arrival_checkpoint, nicolae_vaults_little_squares_4,
          hangedman_vaults_nails, v_misc_8, vaults_mumra_minichess,
          ontoclasm_vaults_loading_screen, vaults_dpeg_ring,
          nicolae_vaults_little_squares_3, ontoclasm_vaults_idyll,
          layout_vaults_omnicross
Vaults:2: st_octagons_1, nicolae_vaults_windows_and_doors_thing,
          vaults_dpeg_cross, nicolae_vaults_disjoint_gnomons,
          nicolae_vaults_ninety_degrees, v_misc_24, ontoclasm_vaults_hangar,
          v_alt_pattern_1, nicolae_vaults_sealed_display,
          vaults_room_stairs_pillars, nicolae_vaults_alarming,
          vaults_room_hallway, layout_vaults_ring,
          minmay_crypt_entry_necro_gods, serial_shops, shop_fountains,
          uniq_xtahua
Vaults:3: v_misc_3, hangedman_vaults_locks, nicolae_vaults_network_periphery,
          v_misc_16, v_misc_10, v_pattern_4, dpeg_vaults_monster_row,
          nicolae_vaults_theta, nicolae_vaults_display_case,
          ontoclasm_vaults_twist, ontoclasm_vaults_gateway,
          layout_vaults_big_room, serial_shops, shop
Vaults:4: hangedman_vaults_nails, hangedman_vaults_unwind,
          vaults_room_stairs_pillars, vaults_room_stairs_pillars, v_misc_19,
          nicolae_vaults_little_squares_2, grunt_vaults_funnel,
          vaults_room_semicircle, nicolae_vaults_quartermaster,
          grunt_vaults_swirl, hangedman_vaults_nodes, serial_ice_g,
          v_alt_pattern_1, grunt_vaults_twisty, vaults_room_pool,
          layout_vaults_maze_bifur, serial_shops, bzr_entry_road
Depths:1: layout_cave_pools, hell_entry, minmay_room_of_horrors,
          minmay_misc_feat_doors, minmay_fire_ice_demons
Depths:2: minmay_eyes, layout_gridlike, grunt_hell_entry_dis_old,
          dk_noncrumbling_3
Depths:3: minmay_octagon_city, layout_cave_pools, enter_ziggurat_b,
          pf_hell_entry_tar_river, chequers_decorated_corner,
          rand_demon_pan_entry_4, uniq_boris

Skill      XL: |  1  2  3  4  5  6  7  8  9 10 11 12 13 14 15 16 17 18 19 20 21 22 23 24 |
---------------+-------------------------------------------------------------------------+-----
Conjurations   | 2 3 4 6 7 9 10 | 10.5
Fire Magic     | 4 5 6 7 8 9 10 11 12 13 14 15 16 17 18 19 | 19.2
Spellcasting   | 3 4 6 7 8 10 11 12 13 14 15 | 15.4
Fighting       | 4 6 8 9 10 12 13 14 15 16 17 18 | 18.3
Air Magic      | 4 6 8 9 10 11 12 13 14 15 16 | 16.4
Armour         | 3 6 8 10 11 12 13 14 | 14.8
Maces & Flails | 3 4 6 8 9 10 12 | 12.0
Shields        | 4 |  4.0
Dodging        | 3 6 8 10 | 10.3
Stealth        | |  2.1

Action                   |  1- 3 |  4- 6 |  7- 9 | 10-12 | 13-15 | 16-18 | 19-21 | 22-24 || total
-------------------------+-------+-------+-------+-------+-------+-------+-------+-------++-------
Melee: Spear             |    25 |       |       |       |       |       |       |       ||    25
       Unarmed           |     1 |       |       |       |       |       |       |       ||     1
       Short sword       |     4 |    44 |    35 |       |       |       |       |       ||    83
       Whip              |       |       |       |   123 |   110 |       |       |       ||   233
       Staff             |       |       |       |       |    58 |   159 |   164 |    73 ||   454
       Morningstar       |       |       |       |       |    19 |       |    47 |     7 ||    73
 Cast: Flame Tongue      |    23 |    49 |   112 |   313 |   239 |   130 |     7 |     8 ||   881
       Throw Flame       |    32 |    78 |   111 |   254 |   410 |    51 |     3 |     2 ||   941
       Conjure Flame     |       |       |     8 |    16 |     4 |       |     7 |     1 ||    36
       Sticky Flame      |       |       |    11 |    49 |   103 |    49 |    68 |    31 ||   311
       Fireball          |       |       |     4 |    38 |   231 |   373 |   471 |   388 ||  1505
       Iskenderun's Myst |       |       |       |     4 |       |       |       |     4 ||     8
       Summon Lightning  |       |       |       |     7 |    34 |    47 |    44 |    26 ||   158
       Blink             |       |       |       |     2 |     4 |     5 |     6 |       ||    17
       Bolt of Magma     |       |       |       |       |    85 |    94 |   190 |   176 ||   545
       Conjure Ball Ligh |       |       |       |       |       |    25 |    41 |    20 ||    86
       Ignition          |       |       |       |       |       |       |       |    87 ||    87
 Abil: Fly               |       |       |       |       |     1 |       |       |       ||     1
Evoke: Wand              |       |       |       |       |       |     1 |     1 |       ||     2
  Use: Scroll            |       |     5 |     7 |    14 |    13 |    11 |     6 |    14 ||    70
       Potion            |       |       |       |       |       |     5 |     1 |     1 ||     7
 Stab: Sleeping          |       |       |       |     1 |       |       |       |       ||     1
       Distracted        |       |       |       |       |     2 |     1 |     3 |     1 ||     7
  Eat: Chunk             |     6 |    16 |    22 |    38 |    64 |    45 |    31 |    39 ||   261
       Ration            |       |       |       |     4 |     9 |    12 |    11 |    15 ||    51
Armor: Robe              |     7 |    19 |    39 |    97 |       |       |       |       ||   162
       Leather armour    |       |       |       |    54 |   276 |    28 |       |       ||   358
       Fire dragon scale |       |       |       |       |       |   410 |   260 |   155 ||   825
Dodge: Dodged            |    28 |    39 |    50 |   179 |   248 |   211 |   176 |   113 ||  1044
Block: Other             |       |       |       |       |    14 |       |       |       ||    14
       Buckler           |       |       |       |       |    14 |   165 |   137 |    64 ||   380
       Reflection        |       |       |       |       |     3 |    29 |    24 |    17 ||    73
